 Dungeon Crawl Stone Soup version 0.30.1-9-gdf580d7c3d (webtiles) character file.

Game seed: 15246015691220159563

793 Wiggles the Chopper (level 7, -1/94 HPs)
             Began as a Minotaur Berserker on Oct 10, 2023.
             Was a Priest of Trog.
             Slain by a gnoll
             ... wielding a +0 flail
             ... led by a gnoll sergeant
              (6 damage)
             ... on level 5 of the Dungeon.
             The game lasted 00:05:35 (3026 turns).

Wiggles the Chopper (Minotaur Berserker)            Turns: 3026, Time: 00:05:36

Health: -1/94      AC: 11    Str: 24    XL:     7   Next: 57%
Magic:  6/6        EV:  9    Int:  4    God:    Trog [***...]
Gold:   226        SH:  0    Dex:  9    Spells: 6/6 levels left

rFire   . . .        q - +0 war axe
rCold   . . .        (no shield)
rNeg    . . .        w - +0 chain mail
rPois   .            (helmet restricted)
rElec   .            n - +0 cloak
rCorr   .            k - +0 pair of gloves
SInv    .            (no boots)
Will    .....        (no amulet) Stlth
                     (no ring)
HPRegen 0.35/turn    (no ring)
MPRegen 0.10/turn

%: no passive effects
@: berserking, very quick
A: horns 2, retaliatory headbutt
a: Renounce Religion, Berserk, Trog's Hand


You were on level 5 of the Dungeon.
You worshipped Trog.
Trog was most pleased with you.
You visited 1 branch of the dungeon, and saw 5 of its levels.

You collected 226 gold pieces.

Inventory:

Hand Weapons
 q - a +0 war axe (weapon)
Armour
 k - a +0 pair of gloves (worn)
 n - a +0 cloak (worn)
 w - a +0 chain mail (worn)
Wands
 t - a wand of polymorph (9)
 u - a wand of charming (10)
Scrolls
 c - 10 scrolls of identify {unknown}
 e - 2 scrolls of magic mapping {unknown}
 l - 3 scrolls of teleportation {unknown}
 m - a scroll of blinking {unknown}
 o - a scroll of amnesia {unknown}
 p - 2 scrolls of noise {unknown}
 r - a scroll of vulnerability {unknown}
Potions
 b - a potion of degeneration {unknown}
 d - 3 potions of brilliance {unknown}
 f - 6 potions of cancellation {unknown}
 g - 3 potions of mutation {unknown}
 h - a potion of berserk rage {unknown}
 i - a potion of resistance
 j - a potion of flight {unknown}
 s - 5 potions of curing
 v - 2 potions of lignification {unknown}


   Skills:
 + Level 6.0 Fighting
 + Level 7.9 Axes
 + Level 4.1 Armour
 + Level 4.1 Dodging
 + Level 1.1 Stealth


You had 6 spell levels left.
You didn't know any spells.
Your spell library was empty.

Dungeon Overview and Level Annotations

Branches:
Dungeon (5/15)
 Temple: D:4-7

Altars:
Gozag

Annotations:
D:5 2 transporters


Innate Abilities, Weirdness & Mutations

You have a pair of horns on your head.
You reflexively headbutt those who attack you in melee.


Message History

The gnoll hits you from afar with a +0 halberd!
The jelly closely misses you. The steam dragon closely misses you.
The steam dragon barely misses you.
You hit the steam dragon. Your headbutt misses the steam dragon.
The steam dragon is lightly wounded.
You slash the jelly!
You kill the jelly!
Trog accepts your kill.
You barely miss the gnoll.
You are engulfed in a cloud of scalding steam.
You slash the steam dragon! Your headbutt misses the steam dragon.
The steam dragon is heavily wounded.
You slash the gnoll!
You kill the gnoll!
Trog accepts your kill.
The gnoll hits you from afar with a +0 halberd!
* * * LOW HITPOINT WARNING * * *
The steam dragon misses you.
The steam dragon claws you but does no damage.
You completely miss the steam dragon. You headbutt the steam dragon.
The steam dragon is severely wounded.
The steam dragon bites you!
* * * LOW HITPOINT WARNING * * *
The steam dragon claws you but does no damage.
The gnoll closely misses you.
You slash the steam dragon!
You feel the power of Trog in you as your rage grows.
You kill the steam dragon!
Trog accepts your kill.
The gnoll hits you from afar with a +0 halberd.
* * * LOW HITPOINT WARNING * * *
The gnoll hits you from afar with a +0 spear.
* * * LOW HITPOINT WARNING * * *
Your Fighting skill increases to level 6!
Your Armour skill increases to level 4!
You feel a strong urge to attack something.
The gnoll hits you with a +0 halberd!
* * * LOW HITPOINT WARNING * * *
The gnoll barely misses you. The gnoll hits you with a +0 flail.
You die...

#... .. ############.#
.. .......†.....###.#
.................#
.................#
.#####........... # .#
#..........#####.# .#
#...........#....# ##
###.........g@g.#
...#.......#....gg.#
..○##...####.......#
#..#......##.......#
...#..............#....
#.°#......##............
#......##............
+####.....#.............
....#.......#...........


You could see a gnoll sergeant and 3 gnolls.

Vanquished Creatures
  A steam dragon (D:5)
  A black bear (D:5)
  An ogre (D:5)
  3 scorpions
  A hound (D:4)
  Crazy Yiuf (D:2)
  A jelly (D:5)
  Natasha (thrice) (D:3)
  A gnoll (D:5)
  9 adders
  A white imp (D:5)
  2 ufetubi
  4 dart slugs
  2 orcs (D:3)
  5 ball pythons
  11 endoplasms
  6 giant cockroaches
  7 goblins
  12 hobgoblins
  3 jackals (D:3)
  2 quokkas
  6 bats
  3 frilled lizards
  5 kobolds
  4 rats
95 creatures vanquished.

Notes
Turn   | Place    | Note
-------+----------+-------------------------------------------
     0 | D:1      | Wiggles the Minotaur Berserker began the quest for the Orb.
     0 | D:1      | Reached XP level 1. HP: 19/19 MP: 0/0
   114 | D:1      | Reached skill level 4 in Axes
   114 | D:1      | Reached XP level 2. HP: 27/27 MP: 1/1
   346 | D:1      | Reached ** piety under Trog
   576 | D:2      | Reached XP level 3. HP: 23/33 MP: 2/2
   894 | D:2      | Reached XP level 4. HP: 37/40 MP: 3/3
  1016 | D:2      | Found a runed translucent door.
  1017 | D:2      | Noticed Crazy Yiuf
  1026 | D:2      | Killed Crazy Yiuf
  1027 | D:2      | Reached skill level 5 in Axes
  1180 | D:3      | Noticed Natasha
  1195 | D:3      | Killed Natasha
  1196 | D:3      | Reached XP level 5. HP: 4/47 MP: 4/4
  1580 | D:3      | Reached *** piety under Trog
  1586 | D:3      | Identified the +0 falchion of Fate {freeze, rN+}
  1627 | D:3      | Reached skill level 5 in Fighting
  1654 | D:3      | Noticed Natasha
  1663 | D:3      | Killed Natasha
  1780 | D:3      | Noticed Natasha
  1787 | D:3      | Killed Natasha
  1968 | D:4      | Reached skill level 6 in Axes
  1968 | D:4      | Reached XP level 6. HP: 41/56 MP: 5/5
  2678 | D:5      | Entered Level 5 of the Dungeon
  2692 | D:5      | Found an opulent altar of Gozag.
  2713 | D:5      | Found a transporter.
  2858 | D:5      | Reached skill level 7 in Axes
  2858 | D:5      | Reached XP level 7. HP: 60/61 MP: 6/6
  2933 | D:5      | Found a transporter.
  2946 | D:5      | Reached skill level 1 in Stealth
  3012 | D:5      | Noticed a steam dragon
  3024 | D:5      | Killed a steam dragon
  3026 | D:5      | Slain by a gnoll

Illustrated notes

Levels and vault maps discovered:
D:1:      minmay_arrival_open_corners, layout_rooms
D:2:      layout_rooms, kennysheep_generic_room_5, uniq_crazy_yiuf_cottage
D:3:      corexii_shack_village, layout_rooms, uniq_natasha
D:4:      layout_gridville, minmay_distorted
D:5:      gammafunk_cloud_chamber, layout_rooms, nicolae_overflow_crystal_walls,
          gammafunk_ghost_split, wad_floor_pattern_untrapped

Skill      XL: |  1  2  3  4  5  6  7 |
---------------+----------------------+-----
Axes           | 4 5 6 7 |  7.9
Fighting       | 4 5 6 |  6.0
Dodging        | 3 4 |  4.1
Armour         | 3 4 |  4.1
Stealth        | 1 |  1.1

Action                     |  1- 3 |  4- 6 |  7- 9 || total
---------------------------+-------+-------+-------++-------
  Melee: Hand axe          |    61 |    50 |       ||   111
         Headbutt          |    12 |    19 |     4 ||    35
         War axe           |       |    72 |    18 ||    90
 Invoke: Berserk           |       |     2 |     1 ||     3
 Armour: Animal skin       |    15 |     6 |       ||    21
         Scale mail        |       |    27 |       ||    27
         Skin              |       |     3 |       ||     3
         Leather armour    |       |     2 |       ||     2
         Chain mail        |       |     6 |    16 ||    22
  Dodge: Dodged            |    33 |    83 |    17 ||   133
